 Dungeon Crawl Stone Soup version 0.29.0-13-gc9e81de378 (webtiles) character file.

Game seed: 15463430661882570753

6361 Artool the Fighter (level 10, -2/73 HPs)
             Began as a Demonspawn Gladiator on Sept 8, 2022.
             Was a Follower of Hepliaklqana.
             Slain by an orc warrior
             ... wielding a +0 battleaxe
              (18 damage)
             ... on level 9 of the Dungeon.
             The game lasted 00:18:24 (8650 turns).

Artool the Fighter (Demonspawn Gladiator)           Turns: 8650, Time: 00:18:25

Health: -2/73      AC: 15    Str: 17    XL:     10   Next: 65%
Magic:  10/10      EV: 23    Int:  9    God:    Hepliaklqana [*.....]
Gold:   652        SH:  0    Dex: 26    Spells: 9/9 levels left

rFire   + + .      SeeInvis .   l - +8 hand axe of Mit Zegev {freeze, Fragile rN+ Dex+4}
rCold   + + .      Faith    .   (no shield)
rNeg    + + .      Spirit   .   E - +0 acid dragon scales
rPois   .          Reflect  .   (helmet restricted)
rElec   .          Harm     .   g - scarf {rC+ rF+}
rCorr   +          Rampage  .   F - +1 pair of gloves
Will    .....                   G - +0 pair of boots
Stlth   ++........              B - amulet of Zisyteadd {Acrobat rF+ Dex+5}
HPRegen 0.22/turn               L - ring of positive energy
MPRegen 0.12/turn               (no ring)

@: agile
A: reduced essence, horns 2, icy blue scales 3, powered by pain 1, spiny 2
a: Renounce Religion, Recall Ancestor, Ancestor Identity


You were on level 9 of the Dungeon.
You worshipped Hepliaklqana.
Hepliaklqana was aware of your devotion.
You visited 2 branches of the dungeon, and saw 10 of its levels.

You collected 652 gold pieces.

Inventory:

Hand Weapons
 a - a +0 flail
 l - the +8 hand axe of Mit Zegev (weapon) {freeze, Fragile rN+ Dex+4}
   (You found it on level 2 of the Dungeon)

   It freezes those it strikes, dealing additional cold damage.
   It can also slow down cold-blooded creatures.
   Dex:       It affects your dexterity (+4).
   rN:        It protects you from negative energy.
   Fragile:   It will be destroyed if unequipped.
 v - a +1 whip of electrocution
 H - the +9 dire flail "Mabim" {vorpal, Str+7}
   (You took it off an ogre on level 6 of the Dungeon)

   It inflicts extra damage upon your enemies.
   Str:       It affects your strength (+7).
Missiles
 d - 3 throwing nets (quivered)
 e - 6 javelins
 y - 5 silver boomerangs
 J - 6 boomerangs
Armour
 b - a +0 leather armour
 c - a +0 helmet
 g - a scarf of resistance (worn)
 E - +0 acid dragon scales (worn)
 F - a +1 pair of gloves (worn)
 G - a +0 pair of boots (worn)
Jewellery
 k - an amulet of the acrobat
 w - a ring of wizardry
 B - the amulet of Zisyteadd (around neck) {Acrobat rF+ Dex+5}
   (You found it on level 6 of the Dungeon)

   [amulet of the acrobat]

   It increases your evasion while moving and waiting.
   Dex:       It affects your dexterity (+5).
   rF:        It protects you from fire.
 L - a ring of positive energy (left hand)
Wands
 p - a wand of flame (23)
 x - a wand of mindburst (4)
 I - a wand of paralysis (18)
Scrolls
 f - 5 scrolls of magic mapping {unknown}
 h - a scroll of immolation {unknown}
 i - 10 scrolls of identify {unknown}
 m - 2 scrolls of teleportation {unknown}
 o - 2 scrolls of enchant weapon {unknown}
 q - a scroll of enchant armour {unknown}
 s - 3 scrolls of noise {unknown}
 u - a scroll of vulnerability {unknown}
 z - a scroll of fear {unknown}
Potions
 j - 3 potions of mutation {unknown}
 n - 2 potions of degeneration {unknown}
 r - 5 potions of heal wounds {unknown}
 t - 6 potions of curing {unknown}
 A - a potion of haste {unknown}
 C - 5 potions of lignification {unknown}
 D - a potion of ambrosia {unknown}
 K - a potion of magic {unknown}
 M - a potion of might {unknown}


   Skills:
 + Level 8.4 Fighting
 + Level 8.0 Maces & Flails
 - Level 1.7 Throwing
 + Level 7.3 Armour
 + Level 8.0 Dodging


You had 9 spell levels left.
You didn't know any spells.
Your spell library contained the following spells:

 Spells                   Type           Power      Damage    Failure   Level
 Foxfire                  Conj/Fire      0%         2x1d4     45%         1
 Magic Dart               Conj           0%         1d3       45%         1
 Shock                    Conj/Air       0%         1d3       45%         1
 Blink                    Tloc           0%         N/A       61%         2
 Call Imp                 Summ           0%         N/A       61%         2
 Scorch                   Fire           0%         2d5       61%         2
 Gell's Gravitas          Tloc           0%         N/A       83%         3
 Mephitic Cloud           Conj/Pois/Air  0%         N/A       83%         3
 Swiftness                Air            0%         N/A       83%         3
 Teleport Other           Tloc           0%         N/A       83%         3
 Airstrike                Air            0%         2d(0-16)  99%         4
 Flame Wave               Conj/Fire      0%         2d4       99%         4
 Freezing Cloud           Conj/Ice/Air   0%         6-21      100%        5
 Manifold Assault         Tloc           0%         N/A       100%        5
 Dispersal                Tloc           0%         N/A       100%        6
 Starburst                Conj/Fire      0%         6d3       100%        6
 Summon Cactus Giant      Summ           0%         N/A       100%        6
 Storm Form               Tmut/Air       0%         N/A       100%        7
 Lehudib's Crystal Spear  Conj/Erth      0%         10d2      100%        8


Dungeon Overview and Level Annotations

Branches:
Dungeon (9/15)             Temple (1/1) D:7            Lair (0/5) D:9
    Orc (0/2) D:9

Altars:
Ashenzari
Cheibriados
Dithmenos
Fedhas
Gozag
Hepliaklqana
Kikubaaqudgha
Makhleb
Nemelex Xobeh
Okawaru
Qazlal
Ru
Sif Muna
Trog
Uskayaw
Vehumet
Wu Jian
Xom
Yredelemnul

Shops:
D:7 [


Innate Abilities, Weirdness & Mutations

Your life essence is reduced to manifest your ancestor. (-10% HP)
You have a pair of horns on your head.
You are completely covered in icy blue scales. (AC +4, rC+)
You sometimes gain a little power by taking damage.
You are mostly covered in sharp spines.


Message History

The orc warrior hits you but does no damage.
You hit the orc warrior. You freeze the orc warrior.
You kill the orc warrior!
You hit the orc warrior but do no damage.
The orc warrior is struck by your spines.
The orc warrior hits you with a +0 battleaxe.
The orc warrior completely misses you.
Your Dodging skill increases to level 8!
You slash the orc warrior! You freeze the orc warrior.
The orc warrior is severely wounded.
You hit the orc warrior but do no damage.
The orc warrior barely misses you.
The orc warrior hits Zosia with a +0 battleaxe!
Zosia hits the orc warrior but does no damage.
The orc warrior hits Zosia with a +0 battleaxe!!
Zosia is destroyed!
The orc warrior hits you with a +0 battleaxe.
The orc warrior barely misses you.
You hit the orc warrior. You freeze the orc warrior.
The orc warrior is severely wounded.
You hit the orc warrior. You freeze the orc warrior.
The orc warrior closely misses you. x2
Unknown command.
You hit the orc warrior but do no damage.
You headbutt the orc warrior, but do no damage.
The orc warrior is severely wounded.
You hit the orc warrior but do no damage.
You hit the orc warrior. You freeze the orc warrior.
The orc warrior hits you with a +0 battleaxe!!
You focus on the pain.
You feel agile all of a sudden.
The orc warrior is struck by your spines.
The orc warrior completely misses you.
The orc warrior is struck by your spines.
The orc warrior barely misses you.
The orc warrior hits you from afar with a +0 trident!
* * * LOW HITPOINT WARNING * * *
The orc warrior is struck by your spines.
The orc warrior hits you with a +0 battleaxe!!
You die...

#...##.#
+.....#.
#...##.#
#.....#.
#...##.#
#.....#.
#...##.#
#.....#.
#...##.#
#.....#.
#...##.#
#.
#......#
#.
####'####
#. #.@o.#
#.
#)oo.....!
#.
#...o.....
#.
#.........
#.
#.........
#.
#........>
#.
#.........
#.
..........
#. #.


You could see 4 orc warriors.

Vanquished Creatures
  Psyche (D:8)
  The ghost of dvd2 the Stinger, an amateur DgVM (D:4)
  A hornet (D:7)
  A wraith (D:9)
  A wyvern (D:8)
  The ghost of owoPain the Ruffian, an amateur DrTm (D:6)
  The ghost of Artool the Ducker, an amateur DsGl (D:3)
  2 wargs (D:9)
  An acid dragon (D:8)
  3 ice beasts
  3 water moccasins
  2 orc warriors (D:9)
  2 black bears
  A sky beast (D:7)
  9 ogres
  A centaur (D:8)
  2 kobold brigands (D:8)
  2 phantoms (D:5)
  Blork the orc (D:6)
  5 bullfrogs
  A necrophage (D:5)
  A scorpion (D:4)
  4 killer bees (D:7)
  A howler monkey (D:7)
  A jelly (D:5)
  3 hounds
  2 gnoll boudas (D:7)
  4 orc priests
  Jessica (D:3)
  3 iguanas
  9 orc wizards
  8 gnolls (D:7)
  10 adders
  2 white imps
  An ufetubus (D:5)
  A worm (D:3)
  3 dart slugs
  34 orcs
  9 ball pythons
  4 bats
  7 endoplasms
  5 giant cockroaches
  9 hobgoblins
  7 jackals (D:4)
  2 quokkas
  4 frilled lizards
  5 goblins
  12 kobolds
  12 rats
206 creatures vanquished.

Vanquished Creatures (collateral kills)
  A two-headed ogre (D:9)
  A troll (D:9)
  A warg (D:9)
3 creatures vanquished.

Vanquished Creatures (others)
  An ancestor (D:9)
  A withered plant (D:3)
2 creatures vanquished.

Grand Total: 211 creatures vanquished

Notes
Turn   | Place    | Note
-------+----------+-------------------------------------------
     0 | D:1      | Artool the Demonspawn Gladiator began the quest for the
                  | Orb.
     0 | D:1      | Reached XP level 1. HP: 16/16 MP: 1/1
    84 | D:1      | Gained mutation: You are partially covered in sharp spines.
                  | [demonic ancestry]
    84 | D:1      | Reached XP level 2. HP: 18/22 MP: 2/2
   208 | D:1      | Got the Volume of Conflict
   455 | D:1      | Reached skill level 1 in Armour
   486 | D:1      | Gained mutation: You are partially covered in icy blue
                  | scales. (AC +2) [demonic ancestry]
   486 | D:1      | Reached XP level 3. HP: 28/28 MP: 3/3
  1043 | D:2      | Identified the +8 hand axe of Mit Zegev {freeze, Fragile
                  | rN+ Dex+4}
  1239 | D:2      | Gained mutation: You are mostly covered in sharp spines.
                  | [demonic ancestry]
  1239 | D:2      | Reached XP level 4. HP: 34/34 MP: 4/4
  1538 | D:3      | Found a runed translucent gate.
  1539 | D:3      | Found a runed translucent gate.
  1539 | D:3      | Found a runed translucent gate.
  1540 | D:3      | Noticed Artool's ghost (amateur DsGl)
  1645 | D:3      | Found an ancient bone altar of Kikubaaqudgha.
  1938 | D:3      | Found an iron altar of Okawaru.
  2140 | D:3      | Noticed Jessica
  2146 | D:3      | Found a shimmering blue altar of Sif Muna.
  2148 | D:3      | Killed Jessica
  2231 | D:4      | Noticed a bullfrog
  2231 | D:4      | Found a runed translucent door.
  2241 | D:4      | Gained mutation: You have a pair of small horns on your
                  | head. [demonic ancestry]
  2241 | D:4      | Reached XP level 5. HP: 41/41 MP: 5/5
  2267 | D:4      | Noticed dvd2's ghost (amateur DgVM)
  2336 | D:4      | Noticed an ogre
  2337 | D:4      | Noticed an ogre
  2345 | D:4      | Killed an ogre
  2345 | D:4      | Killed an ogre
  2346 | D:4      | Reached XP level 6. HP: 20/48 MP: 6/6
  2884 | D:4      | Gained mutation: You sometimes gain a little power by
                  | taking damage. [demonic ancestry]
  2884 | D:4      | Reached XP level 7. HP: 32/54 MP: 7/7
  3335 | D:5      | Entered Level 5 of the Dungeon
  3450 | D:5      | Reached skill level 5 in Maces & Flails
  3450 | D:5      | Reached skill level 5 in Dodging
  3452 | D:5      | Reached skill level 5 in Fighting
  3452 | D:5      | Gained mutation: You are mostly covered in icy blue scales.
                  | (AC +3) [demonic ancestry]
  3452 | D:5      | Reached XP level 8. HP: 37/62 MP: 8/8
  3811 | D:5      | Found an opulent altar of Gozag.
  3999 | D:5      | Found a basalt altar of Yredelemnul.
  4100 | D:6      | Found a blossoming altar of Fedhas.
  4104 | D:6      | Noticed Blork the orc
  4106 | D:6      | Identified the amulet of Zisyteadd {Acrobat rF+ Dex+5}
  4112 | D:6      | Killed Blork the orc
  4471 | D:6      | Found a transporter.
  4472 | D:6      | Noticed owoPain's ghost (amateur DrTm)
  4474 | D:6      | Found a transporter.
  4475 | D:6      | Identified the +9 dire flail "Mabim" {vorpal, Str+7}
  4644 | D:6      | Found an ornate altar of the Wu Jian Council.
  4644 | D:6      | Found a stormy altar of Qazlal.
  4875 | D:7      | Reached skill level 5 in Armour
  4907 | D:7      | Found a staircase to the Ecumenical Temple.
  4913 | Temple   | Entered the Ecumenical Temple
  4927 | Temple   | Became a worshipper of Hepliaklqana the Forgotten
  5093 | D:7      | Found Turaq's Antique Armour Boutique.
  5125 | D:7      | Gained mutation: You have a pair of horns on your head.
                  | [demonic ancestry]
  5125 | D:7      | Reached XP level 9. HP: 56/69 MP: 9/9
  5820 | D:7      | Paralysed by a hornet for 1 turns
  6177 | D:7      | Found a hide-covered altar of Uskayaw.
  6747 | D:8      | Noticed Psyche
  6896 | D:3      | Killed Artool's ghost
  6974 | D:4      | Killed dvd2's ghost
  7393 | D:6      | Killed owoPain's ghost
  7398 | D:6      | Gained mutation: You are completely covered in icy blue
                  | scales. (AC +4, rC+) [demonic ancestry]
  7398 | D:6      | Reached XP level 10. HP: 39/79 MP: 10/10
  7837 | D:8      | Identified the +1 ring mail of Plog {rElec}
  7912 | D:8      | Killed Psyche
  8051 | D:8      | Reached * piety under Hepliaklqana
  8213 | D:9      | Found a staircase to the Lair.
  8437 | D:9      | Noticed a two-headed ogre
  8448 | D:9      | Killed a two-headed ogre
  8638 | D:9      | Found a staircase to the Orcish Mines.
  8650 | D:9      | Slain by an orc warrior

Illustrated notes

Levels and vault maps discovered:
D:1:      dpeg_arrival_rhombus, layout_loops_ring
D:2:      layout_rooms
D:3:      layout_loops_ring, tso_altar, lemuel_crystal_altar,
          kiku_gazebo_garden_becter, tgw_sif, ebering_ghost_rock_garden
D:4:      cheibrodos_pilgrimage, layout_loops_ring, ebering_ghost_sewer_d
D:5:      layout_gridville, kennysheep_little_box, kennysheep_ying_yang,
          st_stairs_9, hangedman_abyss_or_decor_stabs
D:6:      layout_gridville, mainiacjoe_overflow_tiny_flanked,
          amethyst_overflow_temple_binary, gammafunk_ghost_smash,
          uniq_blork_the_orc
D:7:      layout_loops_corners, nicolae_uskayaw_murder_on_the_dancefloor,
          minmay_temple_entry_enclosed_plants, serial_shops,
          nicolae_shop_behind_doors, minmay_misc_feat_columns, grunt_ogre_cave
D:8:      layout_rooms, uniq_psyche
D:9:      layout_stronghold, erik_lair_orcish_takeover, david_orc_3
Temple:   chequers_temple_sunken

Skill      XL: |  1  2  3  4  5  6  7  8  9 10 |
---------------+-------------------------------+-----
Maces & Flails | 3 4 5 6 7 8 |  8.0
Dodging        | 3 4 5 6 7 8 |  8.0
Armour         | 1 2 3 4 5 6 7 |  7.3
Fighting       | 3 4 5 6 7 8 |  8.4
Throwing       | |  1.7

Action                   |  1- 3 |  4- 6 |  7- 9 | 10-12 || total
-------------------------+-------+-------+-------+-------++-------
Melee: Flail             |    74 |       |       |       ||    74
       Hand axe          |    12 |    54 |   157 |    64 ||   287
       Punch             |     1 |       |     3 |       ||     4
       Headbutt          |       |     4 |    35 |    16 ||    55
Throw: Throwing net      |       |     1 |       |       ||     1
Invok: Ancestor Identity |       |       |       |     1 ||     1
 Stab: Sleeping          |       |     1 |     1 |       ||     2
       Distracted        |       |     1 |     1 |       ||     2
Armor: Leather armour    |    22 |     9 |    25 |       ||    56
       Acid dragon scale |       |       |     1 |    17 ||    18
Dodge: Dodged            |    64 |    16 |   111 |    70 ||   261
